Map: [ESL] Hard Lead

Players

DKZherO (herO) - Winner!

  • Race: Protoss Protoss
  • Spawn Location: 11:00

LiquidMaNa (MaNa)

  • Race: Protoss Protoss
  • Spawn Location: 5:00

VOD

Have the link to the VOD?

Description

Time

  • Played on: Nov. 28, 2023, 7:29 a.m.
  • Length: 7:41
Show
View Real Time Build Order
Export as new Build Order

DKZherO Protoss - Winner!

Build Orders: Oracle Opening 

Get SALT Encoding   

  12  0:00  Probe  
  13  0:12  Probe  
  14  0:17  Pylon  
  14  0:24  Probe (Chrono Boost)  
  15  0:36  Gateway, Probe (Chrono Boost)  
  16  0:44  Probe (Chrono Boost)  
  16  0:46  Assimilator  
  17  0:50  Probe  
  17  0:55  Assimilator  
  18  1:03  Probe (Chrono Boost)  
  19  1:07  Gateway  
  19  1:12  Probe (Chrono Boost)  
  19  1:17  Probe (Chrono Boost)  
  20  1:24  Cybernetics Core  
  21  1:29  Probe  
  22  1:37  Pylon  
  22  1:41  Probe  
  23  1:55  Probe  
  23  2:00  Adept  
  23  2:01  Stalker  
  28  2:03  Warp Gate  
  28  2:11  Pylon  
  28  2:22  Stargate  
  28  2:28  Pylon  
  28  2:34  Stalker  
  30  2:55  Nexus  
  29  3:03  Oracle (Chrono Boost)  
  29  3:10  Probe  
  33  3:22  Probe  
  33  3:23  Shield Battery  
  34  3:31  Oracle (Chrono Boost)  
  37  3:44  Probe  
  38  3:54  Pylon  
  38  3:57  Twilight Council  
  38  4:01  Probe  
  39  4:10  Stalker x2, Probe  
  44  4:18  Probe  
  44  4:22  Probe  
  46  4:27  Blink (Chrono Boost)  
  46  4:34  Probe x2  
  48  4:43  Stalker x2  
  52  4:46  Probe x2  
  54  4:53  Gateway  
  54  4:58  Probe x2  
  53  5:07  Shield Battery  
  53  5:10  Probe x2  
  53  5:12  Stalker x2  
  59  5:16  Pylon  
  59  5:22  Probe x2  
  61  5:29  Pylon  
  61  5:33  Assimilator  
  61  5:34  Probe x2  
  63  5:37  Stalker  
  63  5:39  Stalker  
  67  5:44  Pylon  
  67  5:48  Probe  
  68  5:58  Shield Battery  
  68  5:59  Stalker  
  68  6:04  Stalker x2  
  70  6:15  Gateway  
  70  6:21  Robotics Facility  
  70  6:25  Stalker  
  70  6:28  Stalker x2  
  70  6:30  Probe  
  75  6:46  Nexus  
  75  6:48  Shield Battery  
  75  6:50  Pylon  
  75  6:53  Stalker x2, Sentry  
  81  7:00  Probe x2  
  83  7:05  Forge  
  83  7:13  Observer  
  84  7:19  Stalker x3  
  84  7:22  Stalker  
  91  7:28  Probe x2  
Show
View Real Time Build Order
Export as new Build Order

LiquidMaNa Protoss 

Build Orders:  

Get SALT Encoding   

  12  0:00  Probe  
  13  0:12  Probe  
  14  0:17  Pylon  
  14  0:24  Probe (Chrono Boost)  
  15  0:36  Gateway  
  15  0:37  Probe (Chrono Boost)  
  16  0:44  Probe (Chrono Boost)  
  16  0:46  Assimilator  
  17  0:51  Probe  
  18  1:03  Probe (Chrono Boost)  
  19  1:04  Assimilator  
  19  1:11  Gateway  
  19  1:13  Probe (Chrono Boost)  
  19  1:18  Probe  
  21  1:28  Cybernetics Core  
  21  1:30  Probe  
  22  1:39  Pylon  
  22  1:42  Probe  
  23  1:57  Probe  
  24  2:04  Adept x2, Warp Gate (Chrono Boost)  
  28  2:09  Probe  
  28  2:13  Pylon  
  29  2:21  Probe  
  30  2:26  Pylon  
  30  2:33  Probe  
  30  2:35  Adept  
  33  2:37  Adept  
  35  2:45  Probe  
  36  3:01  Nexus  
  36  3:09  Pylon  
  36  3:10  Probe  
  37  3:19  Robotics Facility  
  37  3:22  Probe  
  35  3:34  Probe  
  36  3:46  Probe  
  33  3:50  Stalker x2  
  35  3:59  Probe  
  36  4:05  Immortal (Chrono Boost)  
  38  4:11  Probe  
  38  4:14  Sentry x2  
  38  4:16  Probe  
  44  4:23  Shield Battery  
  44  4:25  Probe  
  44  4:29  Probe  
  38  4:45  Immortal (Chrono Boost)  
  39  4:50  Sentry x2  
  45  4:56  Probe x2  
  44  5:07  Gateway  
  44  5:16  Sentry x2  
  44  5:20  Warp Prism (Chrono Boost)  
  50  5:39  Adept x2  
  54  5:43  Pylon  
  53  6:04  Adept  
  48  6:12  Adept x2, Immortal (Chrono Boost)  
  55  6:24  Probe x2  
  57  6:29  Stalker  
  59  6:34  Zealot  
  59  6:35  Zealot  
  63  6:41  Probe x2  
  63  6:53  Pylon, Probe  
  64  7:05  Stalker x2  
  64  7:07  Stalker  
Tags
 
Matchup
PvP
Player
MaNaherO
Replay Pack
December 2023
Spawn Locations
Cross Positions
Add a new tag
Caveats
  • Supply blocks, unpowered buildings, or Contaminate may cause inaccurate times.
  • Supply counts are checked every 10 seconds.